Map: Emerald City LE

Players

Massa

  • Race: Terran Terran
  • League: Platinum
  • Spawn Location: 11:00

qqq

  • Race: Protoss Protoss
  • League: Platinum
  • Spawn Location: 11:00

Дурашка - Winner!

  • Race: Protoss Protoss
  • League: Platinum
  • Spawn Location: 5:00

MIXRISH - Winner!

  • Race: Protoss Protoss
  • League: Master
  • Spawn Location: 5:00

VOD

Have the link to the VOD?

Description

Time

  • Played on: Sept. 6, 2020, 11:47 a.m.
  • Length: 14:11
Show
View Real Time Build Order
Export as new Build Order

Massa Terran 

Build Orders:  

Get SALT Encoding   

  12  0:00  SCV  
  13  0:12  SCV  
  14  0:23  Supply Depot  
  14  0:24  SCV  
  15  0:34  Refinery  
  15  0:45  SCV  
  15  0:47  Barracks  
  16  0:57  SCV  
  17  1:15  SCV  
  18  1:28  SCV  
  18  1:30  Refinery  
  19  1:40  Reaper  
  20  2:24  Orbital Command, Factory  
  20  2:30  Marine  
  21  2:41  Command Center  
  21  2:45  Barracks  
  21  2:48  Marine  
  22  3:06  Marine  
  22  3:08  Factory Tech Lab  
  23  3:18  Supply Depot  
  23  3:20  Supply Depot  
  23  3:24  Marine  
  23  3:27  SCV  
  21  3:39  SCV, Siege Tank  
  25  3:42  Marine  
  25  3:57  Marine  
  26  4:43  Marine  
  27  5:00  Marine  
  28  5:27  Siege Tank  
  29  5:32  Marine x2  
  31  5:43  SCV  
  31  5:49  Marine  
  32  5:50  Marine  
  32  5:55  SCV  
  35  6:00  Widow Mine  
  37  6:07  SCV, Marine x2  
  37  6:08  SCV  
  41  6:18  Engineering Bay  
  41  6:20  SCV x2  
  41  6:21  Widow Mine  
  41  6:25  Marine x2  
  45  6:32  SCV  
  49  6:34  Orbital Command  
  47  7:10  Marine x2  
  31  7:25  Widow Mine  
  31  7:27  SCV x2, Marine  
  31  7:28  Marine  
  34  7:36  Supply Depot  
  34  7:37  Supply Depot  
  34  7:39  SCV x2  
  34  7:40  Supply Depot  
  36  7:45  Marine  
  36  7:46  Barracks, Marine  
  36  7:47  Widow Mine  
  36  7:51  SCV x2, Barracks  
  32  8:04  Marine  
  34  8:08  Widow Mine  
  35  8:21  Marine  
  36  8:29  Widow Mine  
  36  8:31  SCV  
  36  8:32  SCV  
  36  8:33  Barracks  
  40  8:35  Barracks  
  40  8:39  Marine  
  40  8:44  SCV x2  
  40  8:51  Widow Mine  
  41  8:56  SCV  
  41  8:57  Marine  
  32  9:12  Widow Mine  
  32  9:13  Terran Infantry Weapons Level 1  
  32  9:15  Marine  
  34  9:20  SCV  
  34  9:22  SCV  
  36  9:32  SCV  
  36  9:33  Marine  
  36  9:34  SCV  
  39  9:44  SCV  
  40  9:46  SCV  
  40  9:50  Marine  
  42  9:56  SCV  
  42  9:58  SCV  
  44  10:01  Barracks  
  44  10:02  Barracks  
  44  10:06  Factory Tech Lab  
  44  10:08  SCV, Marine  
  46  10:18  Supply Depot  
  44  10:21  SCV  
  44  10:26  Marine  
  37  10:40  Widow Mine  
  37  10:42  Supply Depot  
  36  10:44  Marine  
  33  10:53  SCV x2  
  35  11:01  Barracks Tech Lab  
  35  11:02  Widow Mine, Barracks Reactor, Marine  
  38  11:05  SCV x2  
  38  11:06  Supply Depot  
  38  11:10  Factory  
  40  11:17  Starport, SCV x2  
  42  11:19  Marine  
  42  11:24  Siege Tank  
  46  11:30  Supply Depot  
  46  11:37  Marine  
  46  11:38  SCV x2  
  49  11:50  SCV x2  
  49  11:53  Supply Depot  
  51  11:55  Marine, Command Center  
  52  12:03  SCV x2, Concussive Shells  
  52  12:04  Marauder, Marine  
  52  12:05  Marine  
  58  12:10  Factory Tech Lab  
  58  12:13  Marine  
  57  12:17  Supply Depot  
  57  12:22  Marine x2  
  57  12:26  Marauder  
  61  12:31  Marine  
  62  12:40  Marine x2, Supply Depot  
  62  12:42  Refinery  
  62  12:43  Refinery  
  64  12:47  Marauder  
  64  12:49  Marine  
  67  12:52  Armory  
  67  12:58  Marine x2  
  59  13:06  Marine  
  59  13:08  Marauder  
  62  13:16  Marine x2  
  62  13:20  Widow Mine x2  
  62  13:24  Marine  
  59  13:29  Marine  
  59  13:34  Marine x2  
  61  13:38  Orbital Command  
  64  13:41  Widow Mine  
  64  13:42  Marine  
  64  13:44  SCV x2  
  64  13:48  Marauder  
  69  13:51  Marine x2  
  74  13:56  SCV x2  
  77  14:09  Barracks  
  77  14:10  Barracks  
Show
View Real Time Build Order
Export as new Build Order

qqq Protoss 

Build Orders: Cannon Rush 

Get SALT Encoding   

  12  0:00  Probe  
  13  0:16  Pylon  
  13  0:18  Probe  
  14  0:30  Probe  
  15  0:38  Forge  
  15  0:43  Probe  
  16  0:53  Pylon  
  16  0:55  Probe  
  17  1:05  Pylon  
  17  1:17  Photon Cannon  
  17  1:34  Photon Cannon  
  17  1:45  Photon Cannon  
  16  1:52  Pylon  
  16  2:05  Photon Cannon  
  15  2:40  Nexus  
  15  2:42  Photon Cannon  
  14  3:05  Probe  
  15  3:17  Probe  
  16  3:29  Probe  
  17  3:39  Gateway  
  17  3:43  Assimilator  
  17  3:45  Probe  
  17  3:47  Assimilator  
  18  3:51  Pylon  
  18  4:04  Probe  
  19  4:16  Probe  
  20  4:19  Photon Cannon  
  20  4:28  Probe  
  21  4:33  Photon Cannon  
  21  4:35  Probe  
  22  4:40  Probe  
  23  4:47  Probe, Cybernetics Core  
  23  4:52  Probe  
  25  5:04  Photon Cannon  
  25  5:09  Probe  
  25  5:13  Probe  
  27  5:21  Probe  
  28  5:25  Probe  
  28  5:26  Stargate  
  29  5:29  Pylon  
  29  5:34  Probe (Chrono Boost)  
  30  5:37  Probe (Chrono Boost)  
  31  5:49  Probe (Chrono Boost)  
  32  5:54  Probe (Chrono Boost)  
  33  5:57  Nexus  
  33  6:09  Twilight Council  
  33  6:15  Fleet Beacon  
  33  6:21  Probe  
  33  6:24  Assimilator  
  34  6:28  Assimilator  
  34  6:33  Probe  
  34  6:36  Oracle (Chrono Boost)  
  38  6:45  Probe (Chrono Boost)  
  39  6:57  Probe (Chrono Boost)  
  40  7:05  Probe (Chrono Boost)  
  41  7:10  Nexus  
  41  7:12  Probe  
  45  7:18  Dark Shrine  
  45  7:23  Carrier (Chrono Boost)  
  45  7:24  Probe  
  49  7:33  Probe  
  50  7:44  Pylon  
  50  7:45  Probe  
  51  7:57  Probe  
  52  8:05  Photon Cannon  
  49  8:07  Pylon  
  49  8:09  Probe, Carrier (Chrono Boost)  
  49  8:10  Pylon  
  49  8:11  Pylon  
  49  8:12  Photon Cannon  
  50  8:14  Photon Cannon  
  50  8:16  Pylon  
  51  8:21  Probe, Dark Templar  
  42  8:33  Probe  
  44  8:41  Probe  
  45  8:45  Probe  
  46  8:53  Probe  
  47  8:57  Probe  
  47  9:00  Dark Templar  
  49  9:07  Probe  
  49  9:09  Probe  
  50  9:19  Probe  
  50  9:22  Probe  
  52  9:25  Probe  
  53  9:31  Probe  
  53  9:33  Pylon  
  53  9:34  Probe  
  53  9:35  Pylon  
  53  9:37  Probe  
  56  9:40  Pylon  
  56  9:41  Pylon  
  56  9:43  Probe  
  57  9:46  Probe  
  57  9:49  Probe  
  59  9:55  Probe  
  60  10:01  Carrier  
  60  10:02  Probe  
  60  10:03  Dark Templar  
  60  10:04  Probe  
  70  10:08  Probe  
  70  10:14  Probe  
  72  10:15  Photon Cannon, Pylon  
  72  10:16  Probe  
  72  10:20  Probe  
  74  10:26  Probe  
  74  10:28  Probe  
  74  10:32  Probe  
  74  10:42  Dark Templar  
  60  10:54  Probe x2  
  54  11:05  Carrier  
  54  11:06  Probe  
  54  11:07  Probe  
  61  11:12  Pylon  
  61  11:17  Pylon  
  61  11:18  Probe  
  61  11:19  Probe  
  63  11:28  Nexus  
  63  11:30  Probe  
  63  11:31  Probe  
  65  11:36  Photon Cannon  
  65  11:40  Photon Cannon  
  65  11:43  Probe x2  
  65  11:45  Shield Battery  
  67  11:55  Probe x2  
  67  12:00  Photon Cannon  
  69  12:07  Probe, Dark Templar  
  72  12:32  Pylon  
  72  12:35  Pylon  
  72  12:47  Nexus  
  54  13:02  Phoenix  
  50  13:10  Probe  
  51  13:16  Stargate  
  51  13:19  Stargate  
  49  13:23  Probe  
  50  13:27  Phoenix  
  52  13:34  Photon Cannon  
  52  13:35  Probe  
  52  13:36  Photon Cannon  
  52  13:40  Probe  
  54  13:52  Probe  
Show
View Real Time Build Order
Export as new Build Order

Дурашка Protoss - Winner!

Build Orders:  

Get SALT Encoding   

  12  0:01  Probe  
  13  0:13  Probe (Chrono Boost)  
  14  0:17  Pylon  
  14  0:25  Probe (Chrono Boost)  
  15  0:34  Probe (Chrono Boost)  
  15  0:40  Gateway  
  16  0:46  Assimilator  
  16  0:49  Probe  
  17  1:01  Probe (Chrono Boost)  
  18  1:13  Probe (Chrono Boost)  
  19  1:20  Probe (Chrono Boost)  
  19  1:41  Cybernetics Core  
  19  1:47  Nexus  
  19  1:49  Probe  
  20  2:21  Warp Gate (Chrono Boost)  
  20  2:22  Nexus  
  20  2:26  Stalker (Chrono Boost)  
  22  2:36  Assimilator  
  22  2:37  Probe  
  23  2:50  Pylon  
  23  2:53  Pylon  
  23  3:01  Probe x2  
  25  3:11  Stalker (Chrono Boost)  
  25  3:13  Probe  
  25  3:15  Probe  
  29  3:25  Probe  
  30  3:27  Probe  
  31  3:35  Twilight Council  
  31  3:37  Probe  
  31  3:40  Probe  
  33  3:45  Probe  
  34  3:49  Probe  
  34  3:52  Probe  
  36  3:57  Probe  
  36  4:02  Probe  
  38  4:03  Gateway  
  38  4:04  Probe  
  38  4:07  Charge (Chrono Boost)  
  38  4:09  Probe  
  40  4:12  Gateway  
  40  4:14  Probe  
  41  4:17  Probe  
  41  4:21  Probe (Chrono Boost)  
  41  4:22  Pylon  
  43  4:30  Probe x2 (Chrono Boost)  
  45  4:33  Probe (Chrono Boost)  
  48  4:39  Probe (Chrono Boost)  
  48  4:40  Probe (Chrono Boost)  
  48  4:41  Probe (Chrono Boost)  
  48  4:44  Probe (Chrono Boost)  
  49  4:45  Robotics Facility  
  49  4:48  Probe, Zealot  
  49  4:50  Probe  
  54  4:56  Probe  
  55  5:00  Probe  
  55  5:02  Probe  
  57  5:26  Probe (Chrono Boost), Assimilator  
  57  5:28  Nexus  
  58  5:29  Assimilator  
  58  5:30  Probe (Chrono Boost)  
  60  5:36  Probe (Chrono Boost)  
  60  5:37  Pylon  
  60  5:38  Probe (Chrono Boost)  
  60  5:40  Pylon  
  60  5:42  Probe (Chrono Boost), Gateway  
  61  5:43  Probe (Chrono Boost), Gateway  
  61  5:47  Gateway x2  
  61  5:49  Gateway  
  63  5:52  Gateway  
  63  5:53  Probe  
  63  5:54  Gateway  
  63  5:55  Probe  
  65  6:01  Warp Prism (Chrono Boost)  
  65  6:05  Probe  
  65  6:07  Zealot x3  
  65  6:11  Pylon  
  74  6:17  Blink (Chrono Boost)  
  74  6:32  Pylon  
  74  6:35  Pylon  
  74  6:38  Zealot x3  
  74  6:39  Zealot x2  
  82  6:41  Zealot x2  
  84  6:49  Gateway  
  84  6:52  Gateway  
  84  6:53  Gateway  
  84  6:54  Zealot x2  
  84  6:55  Gateway  
  84  6:57  Gateway  
  84  7:00  Probe x3, Gateway  
  84  7:01  Probe  
  83  7:07  Zealot  
  83  7:08  Zealot x5  
  88  7:09  Zealot  
  88  7:12  Probe x2  
  88  7:13  Probe x2  
  90  7:24  Probe x2  
  90  7:25  Probe x2  
  94  7:30  Warp Prism  
  94  7:36  Probe (Chrono Boost)  
  98  7:37  Probe (Chrono Boost)  
  98  7:38  Probe (Chrono Boost)  
  98  7:39  Probe (Chrono Boost)  
  100  7:44  Stalker x2  
  100  7:45  Stalker  
  100  7:47  Probe x2 (Chrono Boost)  
  100  7:48  Probe x2 (Chrono Boost)  
  106  7:52  Probe x4 (Chrono Boost)  
  108  8:02  Probe  
  107  8:15  Probe  
  108  8:20  Zealot x2  
  108  8:21  Zealot x4  
  116  8:33  Pylon x3  
  114  8:34  Pylon  
  114  8:36  Pylon x2  
  114  8:37  Pylon  
  114  8:38  Pylon  
  112  8:41  Assimilator  
  112  8:43  Assimilator  
  112  8:45  Zealot x2  
  112  8:46  Zealot x2  
  114  8:49  Zealot  
  110  9:02  Stargate x2  
  100  9:05  Stargate  
  92  9:16  Observer  
  89  9:22  Probe  
  80  9:37  Observer  
  79  9:38  Zealot x2  
  79  9:39  Zealot x4  
  79  9:40  Nexus, Zealot x6  
  79  9:41  Zealot x3  
  79  9:43  Void Ray x2 (Chrono Boost)  
  79  9:44  Pylon, Void Ray (Chrono Boost)  
  109  9:46  Pylon  
  109  9:48  Pylon  
  121  9:53  Pylon  
  121  9:54  Pylon  
  121  9:56  Pylon x2  
  121  9:59  Observer  
  119  10:12  Stalker x3  
  119  10:13  Stalker x5  
  119  10:14  Stalker x2  
  136  10:15  Void Ray (Chrono Boost), Stalker  
  136  10:16  Void Ray x2 (Chrono Boost)  
  136  10:19  Warp Prism  
  148  10:43  Probe x4  
  148  10:45  Void Ray x2  
  148  10:46  Void Ray  
  142  10:55  Probe x4  
  150  11:07  Probe x2  
  150  11:08  Probe x2  
  150  11:10  Forge  
  150  11:11  Forge  
  154  11:14  Stargate x2  
  154  11:15  Protoss Air Weapons Level 1  
  154  11:16  Stargate x2  
  152  11:19  Probe, Fleet Beacon  
  152  11:20  Probe x2  
  152  11:24  Assimilator  
  152  11:25  Probe, Assimilator  
  152  11:31  Warp Prism  
  154  11:36  Zealot x3  
  154  11:37  Zealot x7  
  154  11:38  Zealot x4  
  181  11:53  Void Ray x5  
  179  11:55  Void Ray  
  199  12:03  Flux Vanes  
  188  12:24  Probe x5  
  188  12:29  Nexus  
  191  12:36  Probe x5  
  196  12:42  Stalker x4  
  196  12:43  Stalker  
  198  12:48  Probe x4  
  178  13:16  Assimilator  
  178  13:17  Assimilator  
  178  13:19  Assimilator  
  166  13:25  Assimilator  
  158  13:33  Stalker x5  
  155  13:34  Stalker x4  
  155  13:35  Stalker x4  
  155  13:36  Stalker x2  
  174  13:42  Photon Cannon  
  172  13:55  Probe x3  
  166  13:56  Probe x2  
Show
View Real Time Build Order
Export as new Build Order

MIXRISH Protoss - Winner!

Build Orders: Cannon Rush 

Get SALT Encoding   

  12  0:01  Probe  
  13  0:15  Pylon  
  13  0:18  Probe (Chrono Boost)  
  14  0:27  Probe (Chrono Boost)  
  15  0:37  Forge  
  15  1:15  Pylon  
  15  1:17  Pylon  
  15  1:22  Pylon  
  15  1:25  Pylon  
  14  1:34  Photon Cannon  
  14  1:37  Gateway  
  14  1:42  Photon Cannon  
  14  1:55  Photon Cannon  
  13  2:23  Zealot (Chrono Boost)  
  13  2:28  Probe (Chrono Boost)  
  16  2:40  Probe (Chrono Boost)  
  17  2:45  Probe (Chrono Boost)  
  17  2:47  Zealot  
  20  2:53  Assimilator  
  20  2:56  Cybernetics Core  
  20  2:57  Probe  
  20  3:09  Probe  
  21  3:21  Probe  
  22  3:33  Probe  
  23  3:38  Assimilator  
  23  3:45  Probe  
  24  3:50  Stalker  
  26  4:00  Warp Gate (Chrono Boost)  
  26  4:04  Nexus  
  26  4:20  Stalker (Chrono Boost)  
  24  4:40  Probe  
  25  4:52  Probe  
  26  5:04  Probe  
  27  5:07  Robotics Facility  
  27  5:11  Pylon  
  27  5:25  Probe  
  25  5:28  Probe  
  25  5:29  Nexus  
  25  5:36  Twilight Council  
  25  5:37  Probe  
  25  5:40  Probe  
  27  5:49  Probe (Chrono Boost)  
  28  5:52  Probe (Chrono Boost)  
  29  6:01  Probe (Chrono Boost)  
  31  6:04  Probe (Chrono Boost)  
  31  6:10  Probe (Chrono Boost)  
  31  6:11  Probe (Chrono Boost)  
  32  6:14  Charge  
  33  6:20  Probe x2  
  35  6:32  Probe x2  
  37  6:46  Probe x2  
  39  7:02  Probe x2  
  41  7:14  Probe  
  42  7:21  Probe x2  
  44  7:30  Probe  
  44  7:33  Probe  
  46  7:46  Shield Battery  
  46  7:47  Photon Cannon  
  46  7:52  Shield Battery  
  46  8:19  Probe  
  34  12:27  Probe x3  
  37  12:38  Pylon, Assimilator  
  37  12:39  Probe x3  
  37  12:42  Assimilator  
  40  12:51  Probe x3  
  41  12:57  Assimilator  
  43  13:01  Assimilator  
  43  13:03  Probe x3  
  46  13:24  Probe x2  
  46  13:25  Probe  
  49  14:06  Pylon  
Tags
 
Add a new tag
Caveats
  • Supply blocks, unpowered buildings, or Contaminate may cause inaccurate times.
  • Supply counts are checked every 10 seconds.